 Dungeon Crawl Stone Soup version 0.28-a0-769-g550dbda0cd (webtiles) character file.

Game seed: 10898217981987190541

49 demibob the Poker (level 3, -2/31 HPs)
             Began as a Draconian Chaos Knight on Nov 1, 2021.
             Was a Plaything of Xom.
             Killed from afar by Sigmund (9 damage)
             ... with a magic dart
             ... on level 2 of the Dungeon.
             The game lasted 00:02:58 (939 turns).

demibob the Poker (Draconian Chaos Knight)           Turns: 939, Time: 00:03:00

Health: -2/31      AC:  5    Str: 10    XL:     3   Next: 51%
Magic:  3/3        EV: 12    Int: 12    God:    Xom [*.....]
Gold:   39         SH:  0    Dex: 15    Spells: 2/2 levels left

rFire   . . .      SeeInvis .   a - +0 spear (chaos)
rCold   . . .      Faith    .   (no shield)
rNeg    . . .      Spirit   .   (armour unavailable)
rPois   .          Reflect  .   (helmet restricted)
rElec   .          Harm     .   (no cloak)
rCorr   .          Rampage  .   (no gloves)
Will    .....                   (no boots)
Stlth   +.........              (no amulet)
HPRegen 0.10/turn               D - +6 ring of dexterity
MPRegen 0.08/turn               (no ring)

@: slowed, very slow
A: AC +5, unfitting armour, cold-blooded, clumsy 1, weak 2, MP-powered wands
a: Renounce Religion


You were on level 2 of the Dungeon.
You worshipped Xom.
You were a special plaything of Xom.
You visited 1 branch of the dungeon, and saw 2 of its levels.

You collected 39 gold pieces.


Innate Abilities, Weirdness & Mutations

Your plain brown scales are hard. (AC +5)
You cannot fit into any form of body armour.
You are cold-blooded and may be slowed by cold attacks.
You are clumsy. (Dex -2)
You are very weak. (Str -4)
You expend magic power (3 MP) to strengthen your wands.


   Skills:
 - Level 3.2 Fighting
 + Level 4.6 Polearms
 - Level 2.1 Dodging


You had 2 spell levels left.
You didn't know any spells.
Your spell library was empty.

Inventory:

Hand Weapons
 a - a +0 spear of chaos (weapon)
Magical Staves
 c - a staff of earth {!a}
Jewellery
 D - a +6 ring of dexterity (left hand)
Scrolls
 f - a scroll of teleportation {@r2}

Dungeon Overview and Level Annotations

Branches:
Dungeon (2/15)

Altars:

Annotations:
D:2 Natasha, Sigmund

##( #.#...#. ..#
#....... .##...
.....##
.....###.....##
##.#..#.......##
....#..)......##.
#..#..#...h5......
#.....<...@{...#
.............#.##
##..##.........#
............#### .
..#.###.#.# #....
#.#.# #.... .....
##.. ##.....


You could see Natasha and a crimson imp (summoned).


Message History

HP restored.
You climb downwards.
Level annotation: Sigmund
There is a stone staircase leading up here.
Sigmund gestures wildly while chanting.
Sigmund flickers and vanishes!
Deactivating autopickup; reactivate with Ctrl-A.
Natasha, Servant of Life and Death comes into view.
Something hits you.
You see here a +0 robe.
You barely miss something.
Natasha casts a spell.
You hit something. Something hits you.
You hit something. You hit something but do no damage. Something hits you!
* * * LOW HITPOINT WARNING * * *
Natasha casts a spell at you.
You feel yourself slow down.
You hit something but do no damage. Natasha casts a spell at you.
You feel as though you will be slow longer.
Something hits you!
* * * LOW HITPOINT WARNING * * *
You barely miss something. The crimson imp puffs mist at you.
You hear some strange, mumbled words.
A magic dart appears from out of thin air!
The magic dart hits you!
You die...
Xom bursts into laughter!

Skill      XL: |  1  2 |
---------------+-------+-----
Polearms       | 4 |  4.6
Fighting       | |  3.2
Dodging        | |  2.1

Action                   || total
-------------------------++-------
Melee: Spear             ||    56
       Tailslap          ||     2
  Use: Scroll            ||     2
       Potion            ||     2
 Stab: Sleeping          ||     2
Armor: Skin              ||    36
Dodge: Dodged            ||    12

Levels and vault maps discovered:
D:1:      dpeg_arrival_simpleton_a, layout_basic, ebering_ecumenical_altar_rust
D:2:      layout_loops_cross, uniq_sigmund, uniq_natasha

Notes
Turn   | Place    | Note
-------+----------+-------------------------------------------
     0 | D:1      | demibob the Draconian Chaos Knight began the quest for the
                  | Orb.
     0 | D:1      | Reached XP level 1. HP: 19/19 MP: 1/1
    38 | D:1      | Found a faded altar of an unknown god.
   240 | D:1      | XOM: noise
   451 | D:1      | Reached XP level 2. HP: 26/26 MP: 2/2
   722 | D:2      | Noticed Sigmund
   722 | D:2      | Noticed Natasha
   723 | D:2      | >>lmao
   723 | D:2      | XOM: silly message
   734 | D:2      | Reached skill level 4 in Polearms
   742 | D:2      | Killed Natasha
   743 | D:2      | Reached XP level 3. HP: 25/31 MP: 3/3
   841 | D:1      | XOM: give mutations
   841 | D:1      | Gained mutation: You expend magic power (3 MP) to
                  | strengthen your wands. [Xom's mischief]
   841 | D:1      | Gained mutation: You are weak. (Str -2) [Xom's mischief]
   841 | D:1      | Gained mutation: You are clumsy. (Dex -2) [Xom's mischief]
   841 | D:1      | Gained mutation: You are very weak. (Str -4) [Xom's
                  | mischief]
   931 | D:2      | Noticed Natasha
   939 | D:2      | Killed from afar by Sigmund

Vanquished Creatures
  Natasha (D:2)
  An adder (D:2)
  A dart slug (D:1)
  An endoplasm (D:1)
  2 goblins (D:1)
  A hobgoblin (D:1)
  A quokka (D:1)
  3 ball pythons (D:1)
  2 bats (D:1)
  A frilled lizard (D:1)
  2 kobolds (D:1)
16 creatures vanquished.

Table legend: (Time is in decaauts)
 A = Elapsed time spent in this place.
 B = Non-inter-level travel time spent in this place.
 C = Inter-level travel time spent in this place.
 D = Time resting spent in this place.
 E = Time spent auto-exploring this place.
 F = Levels seen in this place.
 G = Mean time per level.
                   A        B        C        D        E       F      G
               +--------+--------+--------+--------+--------+-----+--------+
         Total |    933 |    912 |     21 |    167 |    610 |   2 |  466.5 |
       Dungeon |    933 |    912 |     21 |    167 |    610 |   2 |  466.5 |
               +--------+--------+--------+--------+--------+-----+--------+

Top non-repeatable levels by time:
     D:1: 888 daAuts
     D:2: 44 daAuts

Table legend:
 A = Non-vault XP
 B = Vault XP
 C = Vault XP percentage of total XP
 D = Non-vault monster count
 E = Vault monster count
 F = Vault count percentage of total count
                 A         B        C        D         E       F
            +---------+---------+-------+---------+---------+-------
      Total |      35 |      35 |  50.0 |      15 |       1 |   6.2
            +---------+---------+-------+---------+---------+-------
        D:1 |      22 |       0 |   0.0 |      14 |       0 |   0.0
        D:2 |      13 |      35 |  72.9 |       1 |       1 |  50.0
            +---------+---------+-------+---------+---------+-------
